 Dungeon Crawl Stone Soup version 0.28-a0-906-g0406aca7d3 (webtiles) character file.

Game seed: 15560264619176406762

4454 mcbry74 the Cleaver (level 10, -12/88 HPs)
             Began as a Hill Orc Fighter on Nov 23, 2021.
             Was a Priest of Makhleb.
             Mangled by a two-headed ogre (14 damage)
             ... on level 9 of the Dungeon.
             The game lasted 00:36:02 (9096 turns).

mcbry74 the Cleaver (Hill Orc Fighter)              Turns: 9096, Time: 00:36:03

Health: -12/88     AC: 14    Str: 25    XL:     10   Next: 37%
Magic:  17/17      EV: 10    Int:  8    God:    Makhleb [***...]
Gold:   664        SH:  4    Dex: 10    Spells: 9/9 levels left

rFire   + . .      SeeInvis .   L - +4 morningstar "Qoleadwo" {vorpal, Str+2}
rCold   . . .      Faith    .   c - +0 buckler
rNeg    . . .      Spirit   .   n - +2 ring mail {rPois}
rPois   +          Reflect  .   j - +1 helmet
rElec   .          Harm     .   (no cloak)
rCorr   .          Rampage  .   (no gloves)
Will    .....                   (no boots)
Stlth   ..........              p - amulet of the acrobat
HPRegen 0.24/turn               G - +4 ring of protection
MPRegen 0.15/turn               w - ring of protection from fire

@: no status effects
A: no striking features
a: Renounce Religion, Minor Destruction, Lesser Servant of Makhleb


You were on level 9 of the Dungeon.
You worshipped Makhleb.
Makhleb was most pleased with you.
You visited 2 branches of the dungeon, and saw 9 of its levels.
You also visited: Sewer.

You collected 880 gold pieces.
You spent 216 gold pieces at shops.

Inventory:

Hand Weapons
 a - a +1 war axe of freezing
 v - a +0 battleaxe
 E - a +2 flail of protection
 L - the +4 morningstar "Qoleadwo" (weapon) {vorpal, Str+2}
   (You bought it in a shop on level 5 of the Dungeon)

   It inflicts extra damage upon your enemies.
   Str:       It affects your strength (+2).
 N - a +2 hand axe of electrocution
Missiles
 o - 36 poisoned darts (quivered)
 C - 2 boomerangs
Armour
 b - a +0 scale mail
 c - a +0 buckler (worn)
 j - a +1 helmet (worn)
 n - a +2 ring mail of poison resistance (worn)
Jewellery
 g - a ring of poison resistance
 p - an amulet of the acrobat (around neck)
 w - a ring of protection from fire (right hand)
 y - a ring of magical power
 G - a +4 ring of protection (left hand)
 O - a ring of protection from fire
Wands
 H - a wand of polymorph (8)
 M - a wand of flame (20)
Scrolls
 e - a scroll of torment {unknown}
 k - a scroll of fear {unknown}
 m - a scroll of amnesia
 s - a scroll of silence
 x - 2 scrolls of teleportation
Potions
 d - 4 potions of might
 f - a potion of cancellation {unknown}
 h - 3 potions of lignification
 i - 3 potions of curing
 r - 2 potions of heal wounds {unknown}
 u - a potion of flight {unknown}
 A - 2 potions of haste {unknown}
 D - a potion of mutation {unknown}
 F - a potion of degeneration {unknown}
 I - 2 potions of brilliance {unknown}
 J - a potion of resistance {unknown}


   Skills:
 + Level 7.7 Fighting
 + Level 11.9(12.2) Axes
 + Level 3.3(7.2) Maces & Flails
 + Level 7.1 Armour
 - Level 3.2 Shields
 * Level 10.4 Invocations


You had 9 spell levels left.
You didn't know any spells.
Your spell library contained the following spells:

 Spells                   Type           Power      Damage    Failure   Level
 Summon Small Mammal      Summ           0%         N/A       56%         1
 Call Canine Familiar     Summ           0%         N/A       90%         3
 Stone Arrow              Conj/Erth      0%         3d7       90%         3
 Summon Guardian Golem    Hex/Summ       0%         N/A       90%         3
 Animate Armour           Summ/Erth      0%         N/A       100%        4
 Lehudib's Crystal Spear  Conj/Erth      0%         10d2      100%        8


Dungeon Overview and Level Annotations

Branches:
Dungeon (9/15)             Temple (1/1) D:4           Sewer (visited)
   Lair: D:8-11         Orc: D:9-12

Altars:
Ashenzari
Cheibriados
Dithmenos
Fedhas
Gozag
Hepliaklqana
Makhleb
Nemelex Xobeh
Qazlal
Ru
Sif Muna
Uskayaw
Yredelemnul
Zin

Shops:
D:5 [(


Message History

You start resting.
HP restored.
You now have 664 gold pieces (gained 13).
Found 22 arrows.
A two-headed ogre comes into view. It is wielding two +0 giant clubs.
You slash the two-headed ogre! You freeze the two-headed ogre.
The two-headed ogre is moderately wounded.
The two-headed ogre hits you with a +0 giant club!
The two-headed ogre barely misses you.
Okay, then.
You barely miss the two-headed ogre.
The two-headed ogre is moderately wounded.
You barely miss the two-headed ogre.
The two-headed ogre is moderately wounded.
The two-headed ogre hits you with a +0 giant club! x2
You closely miss the two-headed ogre.
The two-headed ogre is moderately wounded.
The two-headed ogre hits you with a +0 giant club!
The two-headed ogre hits you with a +0 giant club.
Your +1 war axe of freezing stops glowing.
You feel stronger.
L - the +4 morningstar "Qoleadwo" (weapon)
{vorpal, Str+2} You impale the two-headed ogre!!
The two-headed ogre is severely wounded.
The two-headed ogre hits you with a +0 giant club.
The two-headed ogre hits you with a +0 giant club!
* * * LOW HITPOINT WARNING * * *
You barely miss the two-headed ogre.
The two-headed ogre is severely wounded.
The two-headed ogre closely misses you. The two-headed ogre barely misses you.
You are too injured to fight recklessly!
You barely miss the two-headed ogre.
The two-headed ogre is severely wounded.
The two-headed ogre hits you with a +0 giant club!!
* * * LOW HITPOINT WARNING * * *
You block the two-headed ogre's attack.
You puncture the two-headed ogre!
The two-headed ogre is almost dead.
The two-headed ogre hits you with a +0 giant club!
You die...

.....#.# ...#
>....#.## # #..#
........###.# #..#
............#
#..######
#..#.#..#####
#..(....#
#..#.#..# #.#
........## #.#
#..#.#...## #O#
#..#......######@#
.................#
####......########
#.#...## ....#.##
########


You could see a two-headed ogre.

Vanquished Creatures
  2 centaur zombies
  Joseph (D:8)
  The ghost of casual the Martial Artist, a novice DsMo (D:5)
  Grinder (D:6)
  3 yaks
  A steam dragon (D:9)
  An acid dragon (D:8)
  A hornet zombie (D:6)
  2 ice beasts (D:6)
  The ghost of sn0wgr3 the Covered, an amateur MiFi (D:4)
  3 ogres
  A phantom (D:6)
  The ghost of Tribosh the Skirmisher, an amateur OpFi (D:3)
  3 bullfrogs
  3 killer bees (D:9)
  11 wights
  2 howler monkeys (D:8)
  4 bullfrog zombies
  A hound (D:6)
  2 bullfrog skeletons
  A gnoll shaman (D:5)
  Ijyb (D:5)
  2 iguanas
  7 orc wizards
  3 scorpion zombies (D:4)
  13 gnolls
  11 adders
  2 shadow imps (D:5)
  A white imp (D:8)
  2 ufetubi
  An adder zombie (D:4)
  An adder skeleton (D:3)
  2 dart slugs
  16 orcs
  13 ball pythons
  9 bats
  18 endoplasms
  22 giant cockroaches
  9 goblins
  5 hobgoblins
  11 jackals
  11 quokkas
  11 frilled lizards
  6 kobolds
  2 rats (D:1)
225 creatures vanquished.

Vanquished Creatures (others)
  2 killer bees (D:9)
2 creatures vanquished.

Grand Total: 227 creatures vanquished

Notes
Turn   | Place    | Note
-------+----------+-------------------------------------------
     0 | D:1      | mcbry74 the Hill Orc Fighter began the quest for the Orb.
     0 | D:1      | Reached XP level 1. HP: 19/19 MP: 1/1
    65 | D:1      | Reached skill level 3 in Axes
   136 | D:1      | Reached XP level 2. HP: 23/26 MP: 2/2
   353 | D:1      | Reached skill level 4 in Axes
   364 | D:1      | Found a faded altar of an unknown god.
   633 | D:1      | Reached XP level 3. HP: 20/31 MP: 3/3
  1043 | D:2      | Reached skill level 5 in Axes
  1277 | D:2      | Reached XP level 4. HP: 37/39 MP: 4/4
  1309 | D:2      | Reached skill level 6 in Axes
  1483 | D:2      | Reached XP level 5. HP: 42/45 MP: 5/5
  1988 | D:3      | Reached skill level 7 in Axes
  2010 | D:3      | Noticed an ogre
  2019 | D:3      | Killed an ogre
  2349 | D:3      | Reached skill level 8 in Axes
  2440 | D:3      | Reached XP level 6. HP: 51/51 MP: 6/6
  2952 | D:3      | Found a blossoming altar of Fedhas.
  3010 | D:3      | Found a runed translucent door.
  3010 | D:3      | Noticed Tribosh's ghost (amateur OpFi)
  3029 | D:3      | Killed Tribosh's ghost
  3276 | D:4      | Reached skill level 9 in Axes
  3328 | D:4      | Found a large runed translucent door.
  3328 | D:4      | Found a large runed translucent door.
  3329 | D:4      | Noticed sn0wgr3's ghost (amateur MiFi)
  3393 | D:4      | Found a staircase to the Ecumenical Temple.
  3408 | Temple   | Entered the Ecumenical Temple
  3457 | Temple   | Became a worshipper of Makhleb the Destroyer
  3694 | D:4      | Reached XP level 7. HP: 54/58 MP: 7/7
  3723 | D:4      | Reached skill level 1 in Invocations
  3930 | D:4      | Found a basalt altar of Yredelemnul.
  4506 | D:4      | Killed sn0wgr3's ghost
  4629 | D:5      | Entered Level 5 of the Dungeon
  4907 | D:5      | Reached XP level 8. HP: 63/67 MP: 9/11
  5071 | D:5      | Reached skill level 10 in Axes
  5315 | D:5      | Noticed Ijyb
  5317 | D:5      | Reached * piety under Makhleb
  5329 | D:5      | Killed Ijyb
  5545 | D:5      | Found Zonuk's Antique Weapon Shoppe.
  5609 | D:5      | Found a runed translucent door.
  5609 | D:5      | Noticed casual's ghost (novice DsMo)
  5630 | D:5      | Killed casual's ghost
  5631 | D:5      | Reached skill level 5 in Fighting
  5631 | D:5      | Reached skill level 5 in Invocations
  5819 | D:5      | Found Gos Wischus's Armour Shoppe.
  5911 | D:5      | You fall into a shaft and drop 1 floor!
  5932 | D:6      | Reached skill level 5 in Armour
  5990 | D:6      | Reached XP level 9. HP: 72/75 MP: 14/14
  6015 | D:6      | Noticed Grinder
  6030 | D:6      | Paralysed by Grinder for 7 turns
  6043 | D:6      | Killed Grinder
  6111 | D:6      | Reached skill level 11 in Axes
  6124 | D:6      | Found a stormy altar of Qazlal.
  6169 | D:6      | Found a glowing drain.
  6197 | Sewer    | Entered a sewer
  6372 | Sewer    | Reached ** piety under Makhleb
  6691 | D:5      | Bought a smoking morningstar for 216 gold pieces
  6691 | D:5      | Identified the +4 morningstar "Qoleadwo" {vorpal, Str+2}
                  | (You bought it in a shop on level 5 of the Dungeon)
  7100 | D:6      | Reached skill level 1 in Maces & Flails
  7169 | D:6      | You fall into a shaft and drop 2 floors!
  7177 | D:8      | Noticed Joseph
  7192 | D:8      | Reached *** piety under Makhleb
  7202 | D:8      | Killed Joseph
  7448 | D:8      | Reached XP level 10. HP: 16/83 MP: 17/17
  7908 | D:8      | Identified a scroll of acquirement
  7908 | D:8      | Acquired 539 gold pieces
  8126 | D:8      | Reached skill level 10 in Invocations
  8231 | D:8      | Found a broken altar of Ashenzari.
  9084 | D:9      | Noticed a two-headed ogre
  9095 | D:9      | HP: 2/88 [two-headed ogre (25)]
  9096 | D:9      | Mangled by a two-headed ogre

Illustrated notes

Levels and vault maps discovered:
D:1:      nagdon_arrival_double_spiral, layout_rooms,
          hellmonk_ecumenical_altar_blasted, minmay_pentomino_o4
D:2:      layout_basic, chequers_serial_rivers_large_a, minmay_goblin_outpost
D:3:      layout_loops_corners, nicolae_overflow_hidden_temple,
          gammafunk_ghost_grave
D:4:      layout_basic, nicolae_yredelemnul_corpse_copse,
          minmay_temple_entry_large_hall, ebering_ghost_disaster_area,
          dk_noncrumbling_2
D:5:      layout_cave_pods, serial_shops,
          nicolae_shop_competitors_out_of_business, shop, gammafunk_ghost_grave,
          amcnicky_mini_rare_corridor_liquid, grunt_decor_cap,
          nicolae_concentric_dashed_squares_wild, uniq_ijyb
D:6:      layout_gridville, kennysheep_mini_moat, mainiacjoe_overflow_alcove_4,
          gup_sewer_entry_glass, uniq_grinder
D:8:      layout_loops_cross, nicolae_overflow_crystal_walls, minmay_holes,
          uniq_joseph
D:9:      layout_loops_ring, lemuel_coloured_pillars_altar, xom_teletrap_fun,
          grunt_temple_overflow_open, minmay_misc_feat_hallway
Temple:   jpeg_temple_alley_garden

Skill      XL: |  1  2  3  4  5  6  7  8  9 10 |
---------------+-------------------------------+-----
Axes           | 3 4 5 6 8 9 10 11 | 11.9
Invocations    | 4 7 9 10 | 10.4
Fighting       | 4 6 7 |  7.7
Armour         | 4 5 6 7 |  7.1
Maces & Flails | 2 3 |  3.3
Shields        | |  3.2

Action                   |  1- 3 |  4- 6 |  7- 9 | 10-12 || total
-------------------------+-------+-------+-------+-------++-------
Melee: War axe           |   117 |   115 |   384 |    50 ||   666
       Morningstar       |       |       |    46 |    28 ||    74
Throw: Dart              |     4 |     6 |     5 |       ||    15
Invok: Minor Destruction |       |       |    15 |     9 ||    24
  Use: Scroll            |       |       |     1 |    12 ||    13
Armor: Scale mail        |    49 |       |       |       ||    49
       Ring mail         |    15 |    37 |   152 |    40 ||   244
       Skin              |       |       |     3 |       ||     3
Dodge: Dodged            |    76 |    54 |   195 |    60 ||   385
Block: Buckler           |    31 |    22 |    75 |    14 ||   142

Table legend: (Time is in decaauts)
 A = Elapsed time spent in this place.
 B = Non-inter-level travel time spent in this place.
 C = Inter-level travel time spent in this place.
 D = Time resting spent in this place.
 E = Time spent auto-exploring this place.
 F = Levels seen in this place.
 G = Mean time per level.
                   A        B        C        D        E       F      G
               +--------+--------+--------+--------+--------+-----+--------+
         Total |   9308 |   9062 |    246 |   1695 |   5329 |  10 |  930.8 |
       Dungeon |   8705 |   8495 |    210 |   1695 |   5132 |   8 | 1088.1 |
        Temple |     86 |     50 |     36 |      0 |     37 |   1 |   86.0 |
         Sewer |    516 |    516 |      0 |      0 |    160 |   1 |  516.0 |
               +--------+--------+--------+--------+--------+-----+--------+

Top non-repeatable levels by time:
     D:8: 1566 daAuts
     D:5: 1479 daAuts
     D:3: 1377 daAuts
     D:4: 1359 daAuts
     D:1: 1099 daAuts
     D:2: 839 daAuts
     D:6: 618 daAuts
   Sewer: 516 daAuts
     D:9: 365 daAuts
  Temple: 86 daAuts
